 Seeded DCSS version 0.32-a0-868-g153ae1a8d6 (webtiles) character file.

Game seed: 15090059221397176648 (custom seed)

4549 Biggs the Skirmisher (level 10, -6/74 HPs)
             Began as a Coglin Hunter on Mar 28, 2024.
             Mangled by a shadow (23 damage)
             ... on level 8 of the Dungeon.
             The game lasted 00:17:54 (9133 turns).

Biggs the Skirmisher (Coglin Hunter)                Turns: 9133, Time: 00:17:55

Health: -6/74      AC:  9    Str: 12    XL:     10   Next: 40%
Magic:  10/10      EV: 12    Int:  9    God:
Gold:   293        SH:  0    Dex: 21    Spells: 9/9 levels left

rFire   . . .        a - +2 sling {Hayata}
rCold   . . .        d - +0 sling {Jim}
rNeg    . . .        h - +0 ring mail
rPois   .            p - +1 helmet
rElec   .            (no cloak)
rCorr   .            t - +0 pair of gloves
SInv    .            x - +0 pair of boots
Will    .....        (amulet unavailable)
Stlth   +            (ring unavailable)
HPRegen 0.32/turn    (ring unavailable)
MPRegen 0.12/turn    (no gizmo)

%: no passive effects
@: revving
A: off-hand wielding, slow wielding, warmup strikes, no jewellery
a: Invent Gizmo


You were on level 8 of the Dungeon.
You visited 2 branches of the dungeon, and saw 9 of its levels.

You collected 371 gold pieces.
You spent 78 gold pieces at shops.

Inventory:

Hand Weapons
 a - a +2 sling (weapon) {Hayata}
 d - a +0 sling (offhand) {Jim}
Missiles
 n - 2 throwing nets
Armour
 c - a +0 leather armour
 h - a +0 ring mail (worn)
 p - a +1 helmet (worn)
 t - a +0 pair of gloves (worn)
 x - a +0 pair of boots (worn)
Wands
 b - a wand of roots (7)
 g - a wand of acid (6)
 k - a wand of polymorph (9)
 w - a wand of digging (5)
Scrolls
 f - a scroll of identify
 j - 3 scrolls of poison
 m - a scroll of immolation
 v - a scroll of enchant weapon
Potions
 l - 2 potions of enlightenment {unknown}
 o - 2 potions of lignification {unknown}
 q - a potion of ambrosia {unknown}
 r - a potion of brilliance {unknown}
 u - 2 potions of mutation {unknown}


   Skills:
 - Level 5.0 Fighting
 + Level 12.5 Ranged Weapons
 - Level 5.1 Dodging
 - Level 0.7 Stealth


You had 9 spell levels left.
You didn't know any spells.
Your spell library contained the following spells:

 Spells                   Type           Power      Damage    Failure   Level
 Shock                    Conj/Air       0%         1d3       67%         1
 Ensorcelled Hibernation  Hex/Ice        0%         N/A       80%         2
 Fugue of the Fallen      Necr           0%         N/A       95%         3
 Swiftness                Air            0%         N/A       95%         3
 Airstrike                Air            0%         2d(0-16)  100%        4
 Anguish                  Hex/Necr       0%         N/A       100%        4


Dungeon Overview and Level Annotations

Branches:
Dungeon (8/15)             Temple (1/1) D:7
   Lair: D:8-11

Altars:
Cheibriados
Dithmenos
Elyvilon
Fedhas
Gozag
Hepliaklqana
Kikubaaqudgha
Makhleb
Nemelex Xobeh
Qazlal
Ru
Sif Muna
Trog
Uskayaw
Vehumet
Wu Jian
Xom
Zin
The Shining One

Shops:
D:4 !

Annotations:
D:3 Pikel
D:5 2 transporters, redsdead's ghost, novice VSFi
D:6 2 runed translucent doors, 0gre's ghost, novice GnIE
D:7 2 transporters
D:8 Joseph


Innate Abilities, Weirdness & Mutations

You can wield a second weapon in your off-hand.
It takes a long time for you to wield or remove held weapons.
Your first few attacks do less damage.
You cannot equip rings or amulets.


Message History

The vampire mosquito draws strength from your injuries!
The shadow barely misses you. The vampire mosquito bites you!
* * * LOW HITPOINT WARNING * * *
The vampire mosquito draws strength from your injuries!
Unknown command.
There are monsters nearby!
You are too injured to fight recklessly!
Unknown command.
You are too injured to fight recklessly!
Unknown command.
You feel better. The vampire mosquito bites you.
* * * LOW HITPOINT WARNING * * *
The vampire mosquito draws strength from your injuries!
The shadow hits you.
Unknown command.
Unknown command.
You feel better.
The vampire mosquito closely misses you.
The vampire mosquito bites you but does no damage.
The shadow slips into darkness.
The shadow flickers and vanishes!
Deactivating autopickup; reactivate with Ctrl-A.
Joseph shoots a sling bullet.
Okay, then.
Okay, then.
Fire: a) +2 sling {Hayata}
Press: ? - help, Q - select action, (/) - cycle Shift-Dir - straight line, f - vampire mosquito, p - vampire mosquito
Aim: a vampire mosquito (poison gas, 56% to hit)
You shoot a sling bullet.
The sling bullet barely misses the vampire mosquito.
The sling bullet misses the vampire mosquito. x2
You shoot a sling bullet.
The sling bullet barely misses the vampire mosquito.
The sling bullet hits the vampire mosquito!
The vampire mosquito is heavily damaged.
You hear an angry buzzing noise.
The vampire mosquito barely misses you.
The vampire mosquito closely misses you.
The shadow strikes at you from the darkness!
You die...

##§..####@####.#
##..##........#
..#####..##.#.######
............#.#
#######.......#
#.#######
#.############
#...§§§§@{☼#.. #
#..#######@#.# # #..#
#y#.# # #..#
#####y#.### #######..#
#...°y....#
.........###.###°#<#.#
#####.....##.# #○#.#.#
# ##.......###§#.... #
##........☼§###.## #
#.########## #.#


You could see Joseph (extremely poisoned) and 3 vampire mosquitoes.

Vanquished Creatures
  Grinder (D:3)
  Prince Ribbit (D:6)
  Sigmund (D:2)
  2 wyverns
  A vampire (D:8)
  A water moccasin (D:4)
  An orc warrior (D:4)
  A hornet zombie (D:7)
  A sky beast (D:6)
  A black bear (D:5)
  3 ogres
  4 lemures
  3 phantoms (D:6)
  2 bullfrogs (D:7)
  2 scorpions (D:6)
  A gnoll sergeant (D:7)
  4 wyvern zombies (D:7)
  8 wights (D:7)
  3 killer bees (D:7)
  3 howler monkeys (D:7)
  2 bombardier beetles
  2 bullfrog zombies (D:7)
  9 centaur zombies (D:7)
  5 hounds
  4 orc priests
  2 gnoll boudas (D:6)
  Natasha (thrice) (D:3)
  3 iguanas
  2 orc wizards (D:4)
  3 killer bee zombies (D:7)
  A howler monkey zombie (D:7)
  22 gnolls
  4 adders
  2 white imps (D:5)
  2 ufetubi (D:6)
  7 dart slugs
  3 ribbon worms
  17 orcs
  3 ball pythons
  6 endoplasms
  4 giant cockroaches
  10 goblins
  8 hobgoblins
  4 quokkas
  2 bats
  2 frilled lizards
  5 kobolds
  2 rats
183 creatures vanquished.

Notes
Turn   | Place    | Note
-------+----------+-------------------------------------------
     0 | D:1      | Biggs the Coglin Hunter began the quest for the Orb.
     0 | D:1      | Reached XP level 1. HP: 16/16 MP: 1/1
    86 | D:1      | Reached skill level 4 in Ranged Weapons
    86 | D:1      | Reached XP level 2. HP: 22/22 MP: 2/2
   224 | D:1      | Reached XP level 3. HP: 27/27 MP: 3/3
   683 | D:2      | Noticed Sigmund
  1008 | D:2      | Reached skill level 5 in Ranged Weapons
  1008 | D:2      | Reached XP level 4. HP: 33/33 MP: 4/4
  1072 | D:2      | Killed Sigmund
  1073 | D:2      | Reached skill level 6 in Ranged Weapons
  1073 | D:2      | Reached XP level 5. HP: 26/38 MP: 5/5
  1073 | D:2      | Reached XP level 6. HP: 30/44 MP: 6/6
  1371 | D:3      | Found a shimmering blue altar of Sif Muna.
  1410 | D:3      | Noticed Natasha
  1415 | D:3      | Killed Natasha
  1445 | D:3      | Noticed Natasha
  1468 | D:3      | Killed Natasha
  1602 | D:3      | Noticed Grinder
  1604 | D:3      | Paralysed by Grinder for 2 turns
  1608 | D:3      | Paralysed by Grinder for 5 turns
  1619 | D:3      | Killed Grinder
  1620 | D:3      | Reached skill level 7 in Ranged Weapons
  1620 | D:3      | Reached XP level 7. HP: 19/50 MP: 7/7
  2159 | D:3      | Noticed Natasha
  2167 | D:3      | Killed Natasha
  2393 | D:4      | Noticed Pikel
  2578 | D:4      | Pikel changed into Pikel the hog
  2578 | D:4      | Noticed Pikel
  2592 | D:3      | Reached skill level 8 in Ranged Weapons
  3116 | D:4      | You fall into a shaft and drop 2 floors!
  3129 | D:6      | Found a large runed translucent door.
  3129 | D:6      | Found a large runed translucent door.
  3239 | D:6      | Reached XP level 8. HP: 41/56 MP: 8/8
  3411 | D:5      | Entered Level 5 of the Dungeon
  3514 | D:5      | Noticed redsdead's ghost (novice VSFi)
  3534 | D:5      | Found a transporter.
  3540 | D:5      | Found a transporter.
  3714 | D:5      | Reached skill level 5 in Dodging
  3714 | D:5      | HP: 1/56 [white imp/puff of frost (10)]
  4072 | D:5      | Identified the +1 ring mail of the Trombone {rC- Int+6
                  | Dex-3}
  4072 | D:5      | Identified the +4 kite shield of Bedevilment {rCorr Str+5}
  4201 | D:5      | Found a sacrificial altar of Ru.
  4201 | D:5      | Found a faded altar of an unknown god.
  4291 | D:5      | Found a hazy altar of Hepliaklqana.
  4293 | D:5      | Found a snail-covered altar of Cheibriados.
  4295 | D:5      | Found a faded altar of an unknown god.
  4743 | D:4      | Noticed a wyvern
  4759 | D:4      | Killed a wyvern
  4767 | D:4      | Reached skill level 5 in Fighting
  4767 | D:4      | Reached XP level 9. HP: 11/68 MP: 9/9
  5021 | D:4      | Found Fownec's Distillery.
  5024 | D:4      | Bought a potion of curing for 39 gold pieces
  5024 | D:4      | Bought a potion of curing for 39 gold pieces
  5168 | D:4      | Reached skill level 9 in Ranged Weapons
  5856 | D:6      | Noticed 0gre's ghost (novice GnIE)
  6634 | D:6      | Reached skill level 10 in Ranged Weapons
  6825 | D:6      | Noticed Prince Ribbit
  6839 | D:6      | Killed Prince Ribbit
  7418 | D:7      | Reached skill level 11 in Ranged Weapons
  7856 | D:7      | Reached XP level 10. HP: 69/74 MP: 10/10
  7882 | D:7      | Found a staircase to the Ecumenical Temple.
  7886 | Temple   | Entered the Ecumenical Temple
  8010 | D:7      | Reached skill level 12 in Ranged Weapons
  8506 | D:7      | Noticed a meliai
  8507 | D:7      | Found an ancient bone altar of Kikubaaqudgha.
  8507 | D:7      | Found a bloodstained altar of Trog.
  8509 | D:7      | Found a hide-covered altar of Uskayaw.
  8528 | D:7      | Found a transporter.
  8629 | D:7      | Found a transporter.
  9091 | D:8      | Noticed Joseph
  9133 | D:8      | Mangled by a shadow

Illustrated notes

Levels and vault maps discovered:
D:1:      minmay_arrival_shattered_statue, layout_basic, minmay_unequal
D:2:      layout_basic, uniq_sigmund
D:3:      layout_loops_corners, lemuel_crystal_altar, uniq_grinder, uniq_natasha
D:4:      layout_cave_pools, serial_forest, infiniplex_forest_end_2,
          infiniplex_forest_straight_5, infiniplex_forest_end_3,
          infiniplex_forest_clump_large, infiniplex_forest_straight_3,
          infiniplex_forest_straight_4, serial_shops, kennysheep_mini,
          uniq_pikel
D:5:      layout_basic, chequers_temple_overflow_minitemple,
          gammafunk_ghost_gnarly_gnolls
D:6:      layout_layer_cave, ebering_ghost_disaster_area, uniq_prince_ribbit1
D:7:      layout_gridville, gammafunk_temple_overflow_arena,
          minmay_temple_entry_ruins, enter_bailey_2, serial_undead,
          serial_undead_c, serial_undead_e, serial_undead_b, serial_undead_e,
          serial_undead_a, serial_undead_f, serial_undead_e, serial_undead_e,
          serial_undead_a, serial_undead_a, nicolae_zig_zag_zippers
D:8:      minmay_cornered_nines, layout_loops_corners, uniq_jeremiah,
          uniq_erica, uniq_psyche, uniq_joseph, uniq_maggie
Temple:   hc_temple_tempest_star

Skill      XL: |  1  2  3  4  5  6  7  8  9 10 |
---------------+-------------------------------+-----
Ranged Weapons | 4 5 6 7 8 11 12 | 12.5
Dodging        | 2 5 |  5.1
Fighting       | 5 |  5.0
Stealth        | |  0.7

Action                     |  1- 3 |  4- 6 |  7- 9 | 10-12 || total
---------------------------+-------+-------+-------+-------++-------
  Melee: Unarmed           |       |    20 |     4 |       ||    24
   Fire: Sling             |   148 |    88 |   988 |   306 ||  1530
  Evoke: Wand              |       |       |     1 |     5 ||     6
    Use: Scroll            |       |       |     8 |     3 ||    11
         Potion            |       |       |     2 |     8 ||    10
 Armour: Leather armour    |     5 |       |       |       ||     5
         Ring mail         |       |    11 |   260 |    91 ||   362
         Skin              |       |    10 |     1 |       ||    11
  Dodge: Dodged            |     6 |    19 |   186 |    59 ||   270

Table legend: (Time is in decaauts)
 A = Elapsed time spent in this place.
 B = Non-inter-level travel time spent in this place.
 C = Inter-level travel time spent in this place.
 D = Time resting spent in this place.
 E = Time spent auto-exploring this place.
 F = Levels seen in this place.
 G = Mean time per level.
                   A        B        C        D        E       F      G
               +--------+--------+--------+--------+--------+-----+--------+
         Total |   9194 |   8636 |    558 |    889 |   6254 |   9 | 1021.6 |
       Dungeon |   9192 |   8634 |    558 |    889 |   6254 |   8 | 1149.0 |
        Temple |      1 |      1 |      0 |      0 |      0 |   1 |    1.0 |
               +--------+--------+--------+--------+--------+-----+--------+

Top non-repeatable levels by time:
     D:3: 1883 daAuts
     D:6: 1812 daAuts
     D:7: 1361 daAuts
     D:4: 1310 daAuts
     D:5: 1283 daAuts
     D:1: 659 daAuts
     D:2: 613 daAuts
     D:8: 266 daAuts
  Temple: 1 daAuts
